 Dungeon Crawl Stone Soup version 0.24.0-2-g5b39cebb1c (webtiles) character file.

Game seed: 5542942846067881389, levelgen mode: deterministic

9 Esekla the Stinger (level 2, 0/20 HPs)
             Began as a Ghoul Venom Mage on Oct 29, 2019.
             Slain by a leopard gecko (3 damage)
             ... on level 1 of the Dungeon.
             The game lasted 00:02:13 (147 turns).

Esekla the Stinger (Ghoul Venom Mage)                Turns: 147, Time: 00:02:14

Health: 0/20       AC:  2    Str: 11    XL:     2   Next: 16%
Magic:  2/4        EV: 12    Int: 10    God:
Gold:   0          SH:  0    Dex:  9    Spells: 4/5 levels left

rFire    . . .     SeeInvis .   (no weapon)
rCold    + . .     Gourm    .   (no shield)
rNeg     + + +     Faith    .   a - +0 robe
rPois    ∞         Spirit   .   (no helmet)
rElec    .         Reflect  .   (no cloak)
rCorr    .         Harm     .   (no gloves)
MR       .....                  (no boots)
Stlth    ++........             (no amulet)
HPRegen  0.00/turn              (no ring)
MPRegen  0.09/turn              (no ring)

@: very slightly contaminated, rotting
A: rotting body, claws 1, carnivore, cold resistance 1, negative energy
resistance 3, inhibited regeneration, torment resistance, unbreathing
a: no special abilities


You were on level 1 of the Dungeon.
You were not hungry.

You visited 1 branch of the dungeon, and saw 1 of its levels.

Inventory:

Armour
 a - a +0 robe (worn)
Scrolls
 b - a scroll of magic mapping {unknown}
 d - a scroll of teleportation {unknown}
Potions
 e - 2 potions of might {unknown}
 f - a potion of degeneration {unknown}
Comestibles
 c - a ration


   Skills:
 + Level 1.8 Dodging
 - Level 2.1 Stealth
 + Level 0.4 Unarmed Combat
 * Level 2.0 Spellcasting
 + Level 0.7 Conjurations
 + Level 3.2 Poison Magic


You had 4 spell levels left.
You knew the following spells:

 Your Spells              Type           Power        Failure   Level  Hunger
a - Sting                 Conj/Pois      #...         14%         1    ##.....

Your spell library contained the following spells:

 Spells                   Type           Power        Failure   Level  Hunger
 Poisonous Vapours        Pois/Air       #.....       24%         2    ###....
 Mephitic Cloud           Conj/Pois/Air  #.......     47%         3    ####...
 Olgreb's Toxic Radiance  Pois           #.......     63%         4    #####..
 Venom Bolt               Conj/Pois      #.........   98%         5    ######.


Dungeon Overview and Level Annotations

Branches:
Dungeon (1/15)

Altars:


Innate Abilities, Weirdness & Mutations

Your body is rotting away.
You thrive on raw meat.
You are immune to poison.
You have sharp fingernails.
You are carnivorous and can eat meat at any time.
Your flesh is cold resistant. (rC+)
You are immune to negative energy. (rN+++)
You do not regenerate when monsters are visible.
You are immune to unholy pain and torment.
You can survive without breathing.


Message History

Aiming: Sting (safe; 14% risk of failure)
Press: ? - help, Shift-Dir - straight line, f - leopard gecko
Aim: a leopard gecko (clinging)
You miscast Sting.
You are very lightly contaminated with residual magic.
You feel a strange surge of energy! The leopard gecko bites you.
Casting: Sting (safe; 14% risk of failure)
Confirm with . or Enter, or press ? or * to list all spells.
Aiming: Sting (safe; 14% risk of failure)
Press: ? - help, Shift-Dir - straight line, f/p - leopard gecko
Aim: a leopard gecko (clinging)
The sting hits the leopard gecko but does no damage.
The leopard gecko is poisoned.
The leopard gecko is moderately wounded.
The leopard gecko bites you.
* * * LOW HITPOINT WARNING * * *
You scratch the leopard gecko.
You kill the leopard gecko!
The leopard gecko bites you.
You die...

#....#####..###.#...#..........
#...........###.#...#.###......
##.##.#.....#.......#.###.##.#.
#.##...#.......#..............
#.###........###...#..........
#.# ##.####### #...÷..........
####.#### #...#..........
#.......######...#..........
#.......##.@l..###..........
#.....†.#..##### #..........
#.......#.## #..........
#.........# #..........
#..)....### #..........
#.....).# ########### #.......#
#.......# #.......#


You could see a leopard gecko.

Vanquished Creatures
  An ooze (D:1)
  A leopard gecko (D:1)
  A hobgoblin (D:1)
  A bat (D:1)
  A rat (D:1)
5 creatures vanquished.

Notes
Turn   | Place    | Note
-------+----------+-------------------------------------------
     0 | D:1      | Esekla the Ghoul Venom Mage began the quest for the Orb.
     0 | D:1      | Reached XP level 1. HP: 14/14 MP: 2/2
   109 | D:1      | Reached XP level 2. HP: 10/20 MP: 4/4
   147 | D:1      | Slain by a leopard gecko

Levels and vault maps discovered:
D:1:      scummos_arrival_hexagon, layout_rooms

Skill      XL: |  1 |
---------------+----+-----
Spellcasting   | 2 |  2.0
Dodging        | |  1.8
Stealth        | |  2.1
Unarmed Combat | |  0.4
Conjurations   | |  0.7
Poison Magic   | |  3.2

Action                   || total
-------------------------++-------
Melee: Unarmed           ||    39
 Cast: Sting             ||     1
  Eat: Chunk             ||     4
Armor: Robe              ||     5
Dodge: Dodged            ||    27
